 Dungeon Crawl Stone Soup version 0.29.0-15-g675c0067aa (webtiles) character file.

Game seed: 8046833649061180367

854 qw the Cleaver (level 7, -16/60 HPs)
             Began as a Minotaur Berserker on Sept 12, 2022.
             Was a Priest of Trog.
             Engulfed by a cloud of flame (22 damage)
             ... on level 5 of the Dungeon.
             The game lasted 00:01:36 (5395 turns).

qw the Cleaver (Minotaur Berserker)                 Turns: 5395, Time: 00:01:37

Health: -16/60     AC:  7    Str: 23    XL:     7   Next: 70%
Magic:  6/6        EV:  9    Int:  4    God:    Trog [***...]
Gold:   246        SH: 11    Dex: 10    Spells: 6/6 levels left

rFire   . . .      SeeInvis .   Y - +0 war axe
rCold   . . .      Faith    .   h - +2 kite shield
rNeg    . . .      Spirit   .   e - +0 scale mail
rPois   .          Reflect  .   (helmet restricted)
rElec   .          Harm     .   (no cloak)
rCorr   .          Rampage  .   g - +0 pair of gloves
Will    .....                   (no boots)
Stlth   ..........              (no amulet)
HPRegen 0.20/turn               (no ring)
MPRegen 0.10/turn               (no ring)

@: no status effects
A: horns 2, retaliatory headbutt
a: Renounce Religion, Berserk, Trog's Hand


You were on level 5 of the Dungeon.
You worshipped Trog.
Trog was most pleased with you.
You visited 1 branch of the dungeon, and saw 5 of its levels.
You also visited: Sewer.

You collected 246 gold pieces.


Innate Abilities, Weirdness & Mutations

You have a pair of horns on your head.
You reflexively headbutt those who attack you in melee.


   Skills:
 - Level 4.6 Fighting
 + Level 8.2 Axes
 - Level 2.0 Throwing
 - Level 2.4 Armour
 - Level 2.1 Dodging
 - Level 6.0 Shields


You had 6 spell levels left.
You didn't know any spells.
Your spell library was empty.

Inventory:

Hand Weapons
 n - a +0 flail
 Y - a +0 war axe (weapon)
Missiles
 c - 3 boomerangs
 d - 3 silver javelins (quivered)
Armour
 e - a +0 scale mail (worn)
 g - a +0 pair of gloves (worn)
 h - a +2 kite shield (worn)
Scrolls
 b - 3 scrolls of identify
Potions
 f - 2 potions of haste
 k - a potion of cancellation
 l - 2 potions of might

Dungeon Overview and Level Annotations

Branches:
Dungeon (5/15)             Temple (0/1) D:5           Sewer (visited)

Altars:
Ashenzari
Elyvilon
Gozag
Trog
Vehumet

Shops:
D:4 =

Annotations:
D:5 3 runed translucent doors, qw's ghost, weakling GrDe


Message History

You closely miss the gnoll. Your headbutt misses the gnoll.
The gnoll closely misses you.
You closely miss the gnoll. Your headbutt misses the gnoll.
The gnoll barely misses you. You furiously retaliate!
You headbutt the gnoll. You slice the gnoll!!
You kill the gnoll!
Trog accepts your kill.
Your Throwing skill increases to level 2!
You start resting.
You feel a strong urge to attack something.
You are no longer berserk.
You are exhausted.
You feel yourself slow down.
You feel yourself speed up.
You recover from your berserk rage.
HP restored.
Things that are here:
a +0 halberd; a gnoll corpse
d - 3 silver javelins (gained 1)
You see here a +0 club.
Found a stone staircase leading down.
Enter note: Qw's ghost turns its malevolent gaze towards you.
You're in a travel-excluded area, stopping explore.
You're in a travel-excluded area, stopping explore.
You're in a travel-excluded area, stopping explore.
5359 ||| Stepping randomly (stuck).
You're in a travel-excluded area, stopping explore.
You're in a travel-excluded area, stopping explore.
You're in a travel-excluded area, stopping explore.
5392 ||| Stepping randomly (stuck).
Really walk into that cloud of flame?
You are engulfed in blazing flames.
You're standing in a cloud of flame!
You are engulfed in blazing flames.
You're standing in a cloud of flame!
You are engulfed in blazing flames.
You're standing in a cloud of flame!
You are engulfed in blazing flames.
You die...

#......##...##.....##.....
#......#.....#.....##.....
#......#.....#.....###....
#.########.......#.# #....
#.# #.#####...###.... #.#
##.# #.####..<.. #.##
##..# #.# ##.#### #..#
#...# #.# #..# # ##.#
#¤@¤# #.######### #.#
#0¤0# #..#....... #.#
#¤00# ##.#.......
#.#####...######.#....###
#.!0.¤.::..0¤0...#....#ys
#..¤0¤..[.(¤¤0...#....+ss
##.¤0¤.[)..¤¤0...#....#BB
######...#####..#....###
#0¤¤# #..#.......


There were no monsters in sight!

Vanquished Creatures
  An ice beast (D:5)
  A centaur (D:5)
  2 necrophages
  A scorpion (D:5)
  A hound (D:5)
  2 gnoll boudas (D:4)
  An iguana (D:5)
  4 orc wizards
  11 gnolls
  7 adders
  2 river rats (Sewer)
  A white imp (D:5)
  An ufetubus (D:4)
  A dart slug (D:2)
  10 orcs
  6 ball pythons
  3 endoplasms
  3 giant cockroaches
  5 goblins
  11 hobgoblins
  2 jackals (D:1)
  4 kobolds
  3 quokkas
  2 bats
  10 frilled lizards
  10 rats
105 creatures vanquished.

Notes
Turn   | Place    | Note
-------+----------+-------------------------------------------
     0 | D:1      | qw the Minotaur Berserker began the quest for the Orb.
     0 | D:1      | Reached XP level 1. HP: 19/19 MP: 0/0
     0 | D:1      | 0 ||| qw: Version: 0.1-a-119-g272c26d
     0 | D:1      | 0 ||| qw: Game counter: 10887
     0 | D:1      | 0 ||| qw: Always use a shield: true
     0 | D:1      | 0 ||| qw: Do Orc after D:15 true
     0 | D:1      | 0 ||| qw: Do second Lair branch before Depths: true
     0 | D:1      | 0 ||| qw: Lair rune preference: random
     0 | D:1      | 0 ||| qw: Plans: Normal
     0 | D:1      | 0 ||| PLANNING D:1-11
    60 | D:1      | 60 ||| INVOKING Berserk.
    63 | D:1      | Reached skill level 4 in Axes
    63 | D:1      | Reached XP level 2. HP: 26/26 MP: 1/1
   156 | D:1      | 156 ||| DROPPING +0 club.
   609 | D:1      | Reached skill level 5 in Axes
   610 | D:1      | 610 ||| Stepping ~*~*~tactically~*~*~ (stealth).
   614 | D:1      | 614 ||| Stepping ~*~*~tactically~*~*~ (stealth).
   874 | D:1      | 874 ||| UPGRADING to +0 leather armour of positive energy.
   884 | D:1      | 884 ||| DROPPING +0 animal skin.
   885 | D:1      | 885 ||| UPGRADING to +0 pair of gloves.
   890 | D:1      | 890 ||| READING scroll labelled APLOICZYRUGG.
   891 | D:1      | 891 ||| READING scroll labelled VESKEUBLIDD.
   892 | D:1      | 892 ||| READING scroll labelled JEFICE NUNOFEV.
  1012 | D:1      | 1012 ||| READING scroll labelled SIPOZO HAXUP.
  1013 | D:1      | 1013 ||| READING scroll labelled YWUITH DANIPO.
  1014 | D:1      | 1014 ||| READING scroll labelled DOES RAASTEIVO.
  1015 | D:1      | 1015 ||| READING scroll labelled JARINL NOCIU.
  1034 | D:2      | Reached XP level 3. HP: 31/31 MP: 2/2
  1089 | D:2      | 1089 ||| Stepping ~*~*~tactically~*~*~ (stealth).
  1090 | D:2      | 1090 ||| Stepping ~*~*~tactically~*~*~ (stealth).
  1095 | D:2      | 1095 ||| Stepping ~*~*~tactically~*~*~ (stealth).
  1096 | D:2      | 1096 ||| Stepping ~*~*~tactically~*~*~ (stealth).
  1179 | D:2      | 1179 ||| Stepping ~*~*~tactically~*~*~ (stealth).
  1189 | D:2      | 1189 ||| INVOKING Berserk.
  1376 | D:2      | Reached XP level 4. HP: 39/39 MP: 3/3
  1384 | D:2      | 1384 ||| DROPPING +0 whip.
  1392 | D:2      | Reached skill level 6 in Axes
  1416 | D:2      | Found a faded altar of an unknown god.
  1870 | D:2      | 1870 ||| UPGRADING to +0 scale mail.
  1880 | D:2      | 1880 ||| DROPPING +0 leather armour of positive energy.
  1881 | D:2      | 1881 ||| UPGRADING to +2 kite shield.
  1886 | D:2      | 1886 ||| READING scroll labelled LOBLYA IMAOMM.
  1887 | D:2      | 1887 ||| DRINKING 3 clear potions.
  1888 | D:2      | 1888 ||| DRINKING 2 sedimented brown potions.
  1889 | D:2      | 1889 ||| READING 3 scrolls of identify.
  1889 | D:2      | 1889 ||| IDENTIFYING blue potion
  1890 | D:2      | 1890 ||| DROPPING potion of brilliance.
  1902 | D:3      | 1902 ||| PLANNING SEWER
  1938 | D:3      | Found a glowing drain.
  1947 | Sewer    | Entered a sewer
  1965 | Sewer    | Reached skill level 1 in Shields
  2039 | Sewer    | Reached ** piety under Trog
  2147 | Sewer    | 2147 ||| Stepping ~*~*~tactically~*~*~ (water).
  2160 | Sewer    | 2160 ||| READING scroll of enchant weapon.
  2160 | Sewer    | 2160 ||| ENCHANTING +1 hand axe.
  2306 | Sewer    | 2306 ||| READING scroll labelled BOMUCILEMA.
  2307 | Sewer    | 2307 ||| READING scroll labelled WARGHEEX FORE.
  2308 | Sewer    | 2308 ||| DRINKING 2 sapphire potions.
  2309 | Sewer    | 2309 ||| READING 3 scrolls of identify.
  2309 | Sewer    | 2309 ||| IDENTIFYING lumpy golden potion
  2310 | Sewer    | 2310 ||| DROPPING potion of magic.
  2357 | D:3      | 2357 ||| PLANNING D:1-11
  2377 | D:3      | 2377 ||| READING scroll of enchant weapon.
  2377 | D:3      | 2377 ||| ENCHANTING +2 hand axe.
  2417 | D:3      | Reached XP level 5. HP: 45/45 MP: 4/4
  2563 | D:3      | Reached skill level 3 in Shields
  2564 | D:3      | 2564 ||| INVOKING Berserk.
  2757 | D:3      | 2757 ||| Stepping ~*~*~tactically~*~*~ (stealth).
  2787 | D:3      | Reached skill level 1 in Throwing
  2880 | D:3      | 2880 ||| Stepping ~*~*~tactically~*~*~ (hiding).
  2882 | D:3      | 2882 ||| INVOKING Berserk.
  3212 | D:3      | 3212 ||| Stepping ~*~*~tactically~*~*~ (stealth).
  3271 | D:3      | 3271 ||| Stepping ~*~*~tactically~*~*~ (stealth).
  3302 | D:3      | 3302 ||| READING 3 scrolls of identify.
  3302 | D:3      | 3302 ||| IDENTIFYING lumpy pink potion
  3303 | D:3      | 3303 ||| READING 2 scrolls of identify.
  3303 | D:3      | 3303 ||| IDENTIFYING glowing sapphire potion
  3304 | D:3      | 3304 ||| DROPPING potion of invisibility.
  3339 | D:4      | 3339 ||| READING scroll of enchant weapon.
  3339 | D:4      | 3339 ||| ENCHANTING +3 hand axe.
  3420 | D:4      | 3420 ||| Stepping ~*~*~tactically~*~*~ (stealth).
  3421 | D:4      | 3421 ||| SWAPPING to +0 war axe.
  3428 | D:4      | 3428 ||| DROPPING +4 hand axe.
  3433 | D:4      | Found a white marble altar of Elyvilon.
  3800 | D:4      | Found Gyruexuhif's Jewellery Shop.
  3801 | D:4      | 3801 ||| Stepping ~*~*~tactically~*~*~ (hiding).
  3804 | D:4      | 3804 ||| INVOKING Berserk.
  3809 | D:4      | Reached XP level 6. HP: 51/51 MP: 5/5
  3872 | D:4      | 3872 ||| DROPPING +1 whip of venom.
  3877 | D:4      | 3877 ||| SHOPLISTING +4 ring of evasion (396 gold, have
                  | 209).
  3877 | D:4      | 3877 ||| SHOPLISTING +4 ring of protection (396 gold, have
                  | 209).
  3877 | D:4      | 3877 ||| SHOPLISTING +4 ring of slaying (858 gold, have
                  | 209).
  3877 | D:4      | 3877 ||| SHOPLISTING amulet of regeneration (330 gold, have
                  | 209).
  3877 | D:4      | 3877 ||| SHOPLISTING ring of fire (275 gold, have 209).
  3877 | D:4      | 3877 ||| SHOPLISTING ring of protection from cold (275
                  | gold, have 209).
  3925 | D:4      | 3925 ||| FLEEEEING.
  3926 | D:4      | 3926 ||| FLEEEEING.
  3927 | D:4      | 3927 ||| Stepping ~*~*~tactically~*~*~ (hiding).
  3929 | D:4      | 3929 ||| INVOKING Berserk.
  4118 | D:4      | Found a bloodstained altar of Trog.
  4260 | D:4      | 4260 ||| DROPPING ring of magical power.
  4261 | D:4      | 4261 ||| READING scroll labelled QYIDE LOTAD.
  4262 | D:4      | 4262 ||| READING 3 scrolls of identify.
  4262 | D:4      | 4262 ||| IDENTIFYING inky potion
  4263 | D:4      | 4263 ||| DROPPING potion of attraction.
  4284 | D:5      | Entered Level 5 of the Dungeon
  4303 | D:5      | Found a runed translucent door.
  4315 | D:5      | Noticed qw's ghost (weakling GrDe)
  4358 | D:5      | Found a runed translucent door.
  4360 | D:5      | Found a runed translucent door.
  4360 | D:5      | Noticed a vampire mosquito
  4361 | D:5      | Noticed a vampire mosquito
  4386 | D:5      | 4386 ||| Stepping ~*~*~tactically~*~*~ (hiding).
  4388 | D:5      | 4388 ||| Stepping ~*~*~tactically~*~*~ (hiding).
  4390 | D:5      | 4390 ||| Stepping ~*~*~tactically~*~*~ (hiding).
  4448 | D:5      | Found an opulent altar of Gozag.
  4452 | D:5      | 4452 ||| Stepping ~*~*~tactically~*~*~ (stealth).
  4458 | D:5      | Reached *** piety under Trog
  4459 | D:5      | Reached skill level 7 in Axes
  4483 | D:5      | Found a staircase to the Ecumenical Temple.
  4489 | D:5      | Noticed an ice beast
  4494 | D:5      | 4494 ||| INVOKING Berserk.
  4495 | D:5      | Killed an ice beast
  4496 | D:5      | Reached XP level 7. HP: 60/60 MP: 6/6
  4671 | D:5      | Found a radiant altar of Vehumet.
  4672 | D:5      | 4672 ||| Stepping ~*~*~tactically~*~*~ (stealth).
  4675 | D:5      | 4675 ||| Stepping ~*~*~tactically~*~*~ (hiding).
  4689 | D:5      | 4689 ||| DRINKING potion of curing.
  4689 | D:5      | 4689 ||| (to cure confusion)
  4758 | D:5      | Found a broken altar of Ashenzari.
  4790 | D:5      | Reached skill level 8 in Axes
  4935 | D:5      | Reached skill level 6 in Shields
  5027 | D:5      | 5027 ||| READING 4 scrolls of identify.
  5027 | D:5      | 5027 ||| IDENTIFYING fuming grey potion
  5028 | D:5      | 5028 ||| DROPPING potion of degeneration.
  5029 | D:5      | 5029 ||| READING scroll of teleportation.
  5053 | D:5      | 5053 ||| Stepping ~*~*~tactically~*~*~ (hiding).
  5066 | D:5      | 5066 ||| INVOKING Berserk.
  5359 | D:5      | 5359 ||| Stepping randomly (stuck).
  5392 | D:5      | 5392 ||| Stepping randomly (stuck).
  5394 | D:5      | HP: 5/60 [something (15)]
  5395 | D:5      | Engulfed by a cloud of flame

Levels and vault maps discovered:
D:1:      saegor_arrival_simple_e, layout_loops_cross
D:2:      layout_loops_cross, shapermc_ecumenical_altar_starsandcircs
D:3:      layout_loops_corners, cheibrodos_sewer_entry_drain
D:4:      layout_basic, trog_book, mainiacjoe_overflow_24_doors, serial_shops,
          nicolae_stop_n_shop_1
D:5:      lemuel_insect_pit, layout_rooms, nicolae_ashenzari_panopticon,
          nicolae_gozag_seed_capital, vehumet_crystals,
          minmay_temple_entry_stoned_glass, ebering_ghost_reflecting_pool,
          lemuel_flame_loot_1

Skill      XL: |  1  2  3  4  5  6  7 |
---------------+----------------------+-----
Axes           | 4 5 6 7 8 |  8.2
Shields        | 2 4 5 6 |  6.0
Throwing       | 1 2 |  2.0
Fighting       | 4 |  4.6
Armour         | |  2.4
Dodging        | |  2.1

Action                   |  1- 3 |  4- 6 |  7- 9 || total
-------------------------+-------+-------+-------++-------
Melee: Hand axe          |    49 |    89 |       ||   138
       Headbutt          |     5 |    13 |     7 ||    25
       War axe           |       |    52 |    42 ||    94
Throw: Javelin           |       |    22 |     6 ||    28
Invok: Berserk           |     2 |     5 |     1 ||     8
  Use: Scroll            |     7 |    12 |     2 ||    21
       Potion            |       |     3 |     1 ||     4
Armor: Leather armour    |     6 |     4 |       ||    10
       Scale mail        |       |    34 |    20 ||    54
Dodge: Dodged            |    23 |    41 |    10 ||    74
Block: Kite shield       |       |    69 |    15 ||    84

Table legend:
 A = Non-vault XP
 B = Vault XP
 C = Vault XP percentage of total XP
 D = Non-vault monster count
 E = Vault monster count
 F = Vault count percentage of total count
                 A         B        C        D         E       F
            +---------+---------+-------+---------+---------+-------
      Total |    1138 |      83 |   6.8 |      84 |      21 |  20.0
            +---------+---------+-------+---------+---------+-------
        D:1 |      40 |       0 |   0.0 |      16 |       0 |   0.0
        D:2 |      70 |       0 |   0.0 |      20 |       0 |   0.0
        D:3 |      86 |       3 |   3.4 |      18 |       2 |  10.0
        D:4 |     282 |       0 |   0.0 |      15 |       0 |   0.0
        D:5 |     660 |       0 |   0.0 |      15 |       0 |   0.0
      Sewer |       0 |      80 | 100.0 |       0 |      19 | 100.0
            +---------+---------+-------+---------+---------+-------
